 Dungeon Crawl Stone Soup version 0.27-a0-3-gcf006a40f5 (webtiles) character file.

Game seed: 8411263911558557275

15376 wakim the Covert (level 12, -5/61 HPs)
             Began as a Spriggan Enchanter on Jan 1, 2021.
             Was an Initiate of Gozag.
             Slain by a water moccasin (10 damage)
             ... on level 1 of the Lair of Beasts.
             The game lasted 01:58:06 (17338 turns).

wakim the Covert (Spriggan Enchanter)              Turns: 17338, Time: 01:58:06

Health: -5/61      AC:  5    Str:  5    XL:     12   Next: 0%
Magic:  22/22      EV: 28    Int: 19    God:    Gozag
Gold:   1243       SH:  7    Dex: 20    Spells: 9/23 levels left

rFire    . . .     SeeInvis +   a - +3 dagger (drain)
rCold    . . .     Faith    .   e - +1 buckler
rNeg     . . .     Spirit   .   y - +0 robe
rPois    .         Reflect  .   (helmet restricted)
rElec    .         Harm     .   E - +0 cloak {Will+}
rCorr    .         Rampage  .   (gloves unavailable)
Will     +++..     Clarity  +   (boots unavailable)
Stlth    ++++++....             v - amulet of regeneration
HPRegen  0.60/turn              (no ring)
MPRegen  0.18/turn              (no ring)

@: very quick
A: very small, unfitting armour, icy blue scales 1, see invisible, agile 1,
clarity, speed 3
a: Renounce Religion, Potion Petition, Call Merchant, Bribe Branch


You were on level 1 of the Lair of Beasts.
You worshipped Gozag.
Gozag was most pleased with you.
You visited 2 branches of the dungeon, and saw 13 of its levels.

You collected 2607 gold pieces.
You spent 1311 gold pieces at shops.
You paid 53 gold pieces to Gozag.

Inventory:

Hand Weapons
 a - a +3 dagger of draining (weapon)
 b - a +4 short sword of speed
 w - a +2 dagger
 x - a +3 short sword
 D - a +2 short sword of protection
Missiles
 t - 5 silver boomerangs
Armour
 e - a +1 buckler (worn)
 y - a +0 robe (worn)
 E - a +0 cloak of willpower (worn)
 F - the +0 swamp dragon scales "Memm" {Rampage +Fly rPois rF- Int+7}
   (You acquired it on level 8 of the Dungeon)

   It affects your intelligence (+7).
   It makes you vulnerable to fire.
   It protects you from poison.
   It lets you fly.
   It bestows one free step when moving towards enemies.
Jewellery
 h - the ring "Renlosal" {rC- Int+5 Dex+7 SInv}
   (You found it on level 4 of the Dungeon)

   [ring of see invisible]

   It affects your intelligence (+5).
   It affects your dexterity (+7).
   It makes you vulnerable to cold.
   It lets you see invisible.
 v - an amulet of regeneration (around neck)
Wands
 c - a wand of iceblast (11)
 d - a wand of polymorph (13)
 f - a wand of paralysis (7)
 B - a wand of flame (19)
 C - a wand of digging (6)
Scrolls
 i - 7 scrolls of teleportation
 k - 3 scrolls of blinking
 l - 8 scrolls of remove curse
 n - 4 scrolls of amnesia
 o - 8 scrolls of identify
 r - 3 scrolls of enchant weapon
 u - a scroll of enchant armour
 z - a scroll of fear
 G - 3 scrolls of fog
Potions
 g - 3 potions of brilliance
 j - 4 potions of heal wounds
 m - 2 potions of cancellation
 p - 3 potions of haste
 q - a potion of degeneration {unknown}
 s - 3 potions of curing
 A - a potion of might {unknown}
 H - a potion of flight
 I - a potion of ambrosia {unknown}


   Skills:
 - Level 6.0 Fighting
 + Level 11.9 Short Blades
 + Level 11.6 Dodging
 + Level 13.5 Stealth
 - Level 6.0 Spellcasting
 + Level 9.6 Hexes


You had 9 spell levels left.
You knew the following spells:

 Your Spells              Type           Power        Failure   Level
a - Corona                Hex            46%          1%          1
b - Ensorcelled Hibernat  Hex/Ice        48%          3%          2
c - Confusing Touch       Hex            42%          1%          3
d - Slow                  Hex            42%          1%          2
e - Invisibility          Hex            42%          47%         6

Your spell library contained the following spells:

 Spells                   Type           Power        Failure   Level
 Tukima's Dance           Hex            42%          1%          3
 Cause Fear               Hex            21%          3%          4
 Dazzling Flash           Conj/Hex       48%          8%          3
 Inner Flame              Hex/Fire       24%          8%          3
 Portal Projectile        Hex/Tloc       48%          8%          3
 Animate Skeleton         Necr           10%          19%         1
 Freeze                   Ice            20%          19%         1
 Magic Dart               Conj           20%          19%         1
 Pain                     Necr           20%          19%         1
 Sandblast                Erth           10%          19%         1
 Shock                    Conj/Air       20%          19%         1
 Fulminant Prism          Conj/Hex       12%          26%         4
 Leda's Liquefaction      Hex/Erth       12%          26%         4
 Passwall                 Tmut/Erth      4%           28%         2
 Searing Ray              Conj           10%          28%         2
 Swiftness                Air            5%           28%         2
 Frozen Ramparts          Ice            10%          50%         3
 Ozocubu's Armour         Ice            5%           50%         3
 Static Discharge         Conj/Air       5%           50%         3
 Stone Arrow              Conj/Erth      10%          50%         3
 Vampiric Draining        Necr           2%           50%         3
 Airstrike                Air            2%           88%         4
 Animate Dead             Necr           2%           88%         4
 Hailstorm                Conj/Ice       5%           88%         4
 Iskenderun's Mystic Bla  Conj/Tloc      5%           88%         4
 Passage of Golubria      Tloc           N/A          88%         4
 Petrify                  Tmut/Erth      5%           88%         4
 Summon Ice Beast         Ice/Summ       5%           88%         4
 Agony                    Necr           5%           99%         5
 Lee's Rapid Deconstruct  Erth           2%           99%         5
 Lightning Bolt           Conj/Air       2%           99%         5


Dungeon Overview and Level Annotations

Branches:
Dungeon (12/15)            Temple (0/1) D:4            Lair (1/6) D:8
    Orc (0/2) D:9

Altars:
Ashenzari
Dithmenos
Elyvilon
Fedhas
Gozag
Makhleb
Nemelex Xobeh
Qazlal
Trog
Wu Jian
Xom
The Shining One

Shops:
D:5 [   D:9 !}(   D:10 :   D:11 :

Annotations:
D:4 3 runed translucent doors, tilp's ghost, weakling PaDe


Innate Abilities, Weirdness & Mutations

You are very small and have problems with some larger weapons.
You are too small for most types of armour.
You have supernaturally acute eyesight. (SInv)
You cover ground extremely quickly.
You are partially covered in icy blue scales. (AC +2)
You are agile. (Dex +2)
You possess an exceptional clarity of mind.


Message History

The eight-headed hydra bites you! The eight-headed hydra bites you. x2
The eight-headed hydra completely misses you. x3
The water moccasin closely misses you. The wolf completely misses you.
The water moccasin hisses angrily.
There is a staircase back to the Dungeon, spattered with blood here.
The wolf completely misses you. You block the water moccasin's attack.
The water moccasin bites you but does no damage.
The wolf closely misses you. The eight-headed hydra bites you!
The eight-headed hydra completely misses you.
The eight-headed hydra misses you. The eight-headed hydra bites you.
The eight-headed hydra barely misses you.
The eight-headed hydra bites you!
* * * LOW HITPOINT WARNING * * *
The eight-headed hydra barely misses you.
The eight-headed hydra misses you. The wolf bites you.
* * * LOW HITPOINT WARNING * * *
The water moccasin completely misses you.
The water moccasin bites you!
You die...
Your body crumbles into a pile of gold.

########.#....######..#......
.........Y...................
.............................
........>....................
...................l.h####...
................YS..#.# ..
..............##YF###.##.# .
...P##.##.....##D##......#
..## #. ##....#S@hh.###.## (.
.+ #....##Sh......... #.
#......+.....##....
##...........# ...#
#....##.....# ....
#....####+### ..#. .....#


You could see an eight-headed hydra, a komodo dragon, 2 yaks, 3 water moccasins,
3 wolves and a bullfrog.

Vanquished Creatures
  Erolcha (D:10)
  A boulder beetle (D:12)
  A hydra (D:8)
  2 two-headed ogres
  An unseen horror (D:11)
  An ugly thing (D:12)
  Maurice (D:11)
  A gargoyle (D:10)
  A kobold demonologist (D:11)
  2 komodo dragons
  2 trolls
  A spriggan (D:12)
  5 wyverns
  A shadow (D:10)
  7 yaks
  Eustachio (D:6)
  Grum (D:9)
  An acid dragon (D:12)
  3 water moccasins (D:8)
  3 orc warriors
  A sky beast (D:7)
  2 eyes of draining (D:3)
  A black bear (D:8)
  6 ice beasts
  3 ogres
  4 centaurs
  7 wolves
  2 big kobolds (D:11)
  18 bullfrogs
  A scorpion (D:8)
  5 killer bees (D:9)
  13 wights
  8 howler monkeys
  A crimson imp (D:12)
  3 centaur zombies
  12 hounds
  2 bullfrog zombies
  2 bullfrog skeletons
  4 orc priests
  9 orc wizards
  A centaur skeleton (D:8)
  2 iguanas
  13 worker ants
  A killer bee zombie (D:9)
  2 hound skeletons
  A worker ant zombie (D:8)
  8 gnolls
  13 adders
  A shadow imp (D:9)
  4 white imps
  An ufetubus (D:10)
  An ooze (D:1)
  An adder skeleton (D:4)
  2 worms (D:2)
  6 dart slugs
  10 leopard geckos
  40 orcs
  A ball python (D:1)
  7 bats
  3 giant cockroaches
  9 goblins
  10 hobgoblins
  9 jackals
  5 quokkas
  3 frilled lizards
  A jackal zombie (D:6)
  22 kobolds
  5 rats
323 creatures vanquished.

Vanquished Creatures (others)
  46 fungi
  40 plants
86 creatures vanquished.

Grand Total: 409 creatures vanquished

Notes
Turn   | Place    | Note
-------+----------+-------------------------------------------
     0 | D:1      | wakim the Spriggan Enchanter began the quest for the Orb.
     0 | D:1      | Reached XP level 1. HP: 9/9 MP: 5/5
     3 | D:1      | Noticed an electric eel
     3 | D:1      | Noticed an electric eel
   473 | D:1      | Reached XP level 2. HP: 13/13 MP: 6/6
   904 | D:1      | Learned a level 2 spell: Ensorcelled Hibernation
  1219 | D:1      | Reached XP level 3. HP: 17/17 MP: 8/8
  1737 | D:2      | Reached skill level 5 in Stealth
  1898 | D:2      | Reached XP level 4. HP: 21/21 MP: 5/9
  2015 | D:2      | Found a glowing golden altar of the Shining One.
  3645 | D:3      | Noticed a wyvern
  3650 | D:3      | Killed a wyvern
  3651 | D:3      | Reached skill level 6 in Stealth
  3651 | D:3      | Reached XP level 5. HP: 25/25 MP: 7/10
  3651 | D:3      | Reached XP level 6. HP: 29/29 MP: 7/11
  3723 | D:3      | Found a shimmering altar of Xom.
  3726 | D:3      | Found a blossoming altar of Fedhas.
  3726 | D:3      | Found a stormy altar of Qazlal.
  3728 | D:3      | Found a burning altar of Makhleb.
  3741 | D:3      | Found an opulent altar of Gozag.
  3782 | D:3      | Became a worshipper of Gozag Ym Sagoz the Greedy
  4060 | D:3      | Found a bloodstained altar of Trog.
  4293 | D:3      | Reached skill level 7 in Stealth
  4510 | D:3      | Reached skill level 5 in Dodging
  4510 | D:3      | Reached skill level 5 in Hexes
  4594 | D:4      | Reached XP level 7. HP: 32/32 MP: 1/12
  4818 | D:4      | Found a white marble altar of Elyvilon.
  4843 | D:4      | Found a runed translucent gate.
  4844 | D:4      | Found a runed translucent gate.
  4858 | D:4      | Found a runed translucent gate.
  4862 | D:4      | Noticed tilp's ghost (weakling PaDe)
  5086 | D:4      | Got a shimmering turquoise ring
  5095 | D:3      | Identified the ring "Renlosal" {rC- Int+5 Dex+7 SInv} (You
                  | found it on level 4 of the Dungeon)
  5165 | D:4      | Found a staircase to the Ecumenical Temple.
  5204 | D:3      | Reached skill level 5 in Short Blades
  5285 | D:3      | Learned a level 3 spell: Confusing Touch
  5428 | D:4      | Reached skill level 8 in Stealth
  5795 | D:5      | Entered Level 5 of the Dungeon
  5815 | D:5      | Got a pair of heavily runed boots
  6205 | D:5      | Found a sparkling altar of Nemelex Xobeh.
  6401 | D:5      | Reached skill level 1 in Fighting
  6558 | D:5      | Found Qoipsama's Antique Armour Emporium.
  6561 | D:5      | Bought a robe for 18 gold pieces
  6561 | D:5      | Bought a robe for 18 gold pieces
  6645 | D:6      | Reached XP level 8. HP: 37/37 MP: 5/14
  6740 | D:6      | Noticed Eustachio
  7989 | D:6      | Killed Eustachio
  8153 | D:6      | Gained mutation: You are partially covered in icy blue
                  | scales. (AC +2) [potion of mutation]
  8153 | D:6      | Gained mutation: You possess an exceptional clarity of
                  | mind. [potion of mutation]
  8153 | D:6      | Gained mutation: You are agile. (Dex +2) [potion of
                  | mutation]
  8525 | D:7      | Reached skill level 5 in Spellcasting
  8535 | D:7      | Reached XP level 9. HP: 43/43 MP: 15/17
  8651 | D:7      | Found an ornate altar of the Wu Jian Council.
  9595 | D:8      | Reached skill level 9 in Stealth
  9738 | D:8      | Learned a level 2 spell: Slow
  9843 | D:8      | Reached skill level 10 in Stealth
  9843 | D:8      | Found a staircase to the Lair.
 10095 | D:8      | Reached skill level 11 in Stealth
 10223 | D:8      | Found a broken altar of Ashenzari.
 10235 | D:8      | You fall into a shaft and drop 3 floors!
 10245 | D:10     | Entered Level 10 of the Dungeon
 10251 | D:10     | Found Pipparch's Book Shop.
 10253 | D:10     | Noticed a gargoyle
 10261 | D:10     | Killed a gargoyle
 10262 | D:10     | Reached XP level 10. HP: 49/49 MP: 18/18
 10545 | D:10     | Reached skill level 12 in Stealth
 10732 | D:10     | Noticed Erolcha
 10740 | D:10     | Killed Erolcha
 11151 | D:10     | Reached skill level 5 in Fighting
 11296 | D:10     | Reached skill level 10 in Dodging
 11362 | D:9      | Noticed Grum
 11537 | D:10     | Reached skill level 10 in Short Blades
 12252 | D:9      | Killed Grum
 12335 | D:9      | Noticed a two-headed ogre
 12611 | D:9      | Found Figoboeh's Weapon Boutique.
 13829 | D:9      | Found Ysesmoli's Gadget Boutique.
 13847 | D:9      | Reached XP level 11. HP: 55/55 MP: 16/19
 14201 | D:9      | Found a staircase to the Orcish Mines.
 14371 | D:9      | Killed a two-headed ogre
 14570 | D:9      | Found a shadowy altar of Dithmenos.
 14582 | D:9      | Found Barozuni's Distillery.
 15039 | D:11     | Noticed an unseen horror
 15042 | D:11     | Killed an unseen horror
 15338 | D:11     | Found Keukohe's Book Boutique.
 15340 | D:11     | Noticed a two-headed ogre
 15347 | D:11     | Killed a two-headed ogre
 15359 | D:11     | Bought a book of Burglary for 1275 gold pieces
 15429 | D:11     | Noticed Maurice
 15434 | D:11     | Killed Maurice
 15688 | D:11     | Learned a level 6 spell: Invisibility
 15840 | D:12     | Noticed a purple ugly thing
 15846 | D:12     | Killed a purple ugly thing
 16011 | D:12     | Noticed a boulder beetle
 16245 | D:12     | Killed a boulder beetle
 16246 | D:12     | Reached skill level 13 in Stealth
 16542 | D:12     | Noticed a deep elf mage
 16760 | Lair:1   | Entered Level 1 of the Lair of Beasts
 16767 | D:8      | Identified a scroll of acquirement
 16767 | D:8      | Acquired the +0 swamp dragon scales "Memm" {Rampage +Fly
                  | rPois rF- Int+7}
 16805 | Lair:1   | Noticed a seven-headed hydra
 16933 | D:8      | Killed a seven-headed hydra
 17173 | Lair:1   | Noticed an eight-headed hydra
 17206 | D:8      | Reached XP level 12. HP: 61/61 MP: 17/22
 17338 | Lair:1   | Slain by a water moccasin

Illustrated notes

Levels and vault maps discovered:
D:1:      arrival_aquarium_b, layout_loops_cross, hex_medium
D:2:      layout_rooms, general_overflow_altar, minivault_23, grunt_decor_cap,
          serial_park_tiny_pond, minmay_misc_feat_four_crosses
D:3:      layout_basic, grunt_temple_overflow_open, trog_eyes_of_draining,
          kennysheep_generic_room_13
D:4:      layout_cave_pools, marbit_many_paths, temple_pool_b,
          gammafunk_ghost_nasty_kobolds
D:5:      layout_basic, nemelex_xobeh_ov_fountains_minmay, serial_shops,
          kennysheep_mini_moat
D:6:      layout_cave_pods, uniq_eustachio
D:7:      layout_layer_cave, old_standard_altar
D:8:      layout_basic, kennysheep_mini, due_lair_maze_entry_diamond
D:9:      layout_rooms, david_orc_2, serial_shops, nicolae_shop_behind_doors,
          shop, shop_statue, grunt_dithmenos_shadows, uniq_grum
D:10:     layout_layer_cave, serial_shops, nicolae_shop_crystal, uniq_erolcha
D:11:     layout_loops_ring, serial_shops, nicolae_shop_statue_plus,
          uniq_maurice
D:12:     layout_stronghold, hangedman_stone_soup
Lair:1:   layout_regular_city, minivault_27, beast_lair_carwin_5,
          serial_bayou_shore_b, infiniplex_staircase_pool, serial_bayou_shore_b

Skill      XL: |  1  2  3  4  5  6  7  8  9 10 11 |
---------------+----------------------------------+-----
Short Blades   | 2 3 4 5 7 8 11 | 11.9
Spellcasting   | 3 5 6 |  6.0
Hexes          | 4 5 6 7 8 9 |  9.6
Stealth        | 5 6 7 8 11 12 13 | 13.5
Dodging        | 4 5 6 7 8 10 11 | 11.6
Fighting       | 1 2 3 5 6 |  6.0

Action                   |  1- 3 |  4- 6 |  7- 9 | 10-12 || total
-------------------------+-------+-------+-------+-------++-------
Melee: Dagger            |   119 |   122 |    31 |   156 ||   428
       Short sword       |       |    36 |   282 |   201 ||   519
 Fire: Hunting sling     |       |    12 |       |       ||    12
 Cast: Corona            |    15 |     2 |       |     1 ||    18
       Ensorcelled Hiber |    18 |    39 |    85 |   169 ||   311
       Confusing Touch   |       |       |    20 |    19 ||    39
       Slow              |       |       |     1 |     2 ||     3
  Use: Scroll            |     3 |     6 |     3 |     4 ||    16
       Potion            |       |     2 |     6 |       ||     8
 Stab: Sleeping          |    22 |    32 |    66 |   110 ||   230
       Confused          |       |       |    20 |    17 ||    37
       Distracted        |       |       |     1 |     3 ||     4
Armor: Robe              |     9 |     6 |    15 |    23 ||    53
Dodge: Dodged            |    90 |    53 |   164 |   225 ||   532
Block: Buckler           |    10 |    13 |    60 |    75 ||   158

Table legend: (Time is in decaauts)
 A = Elapsed time spent in this place.
 B = Non-inter-level travel time spent in this place.
 C = Inter-level travel time spent in this place.
 D = Time resting spent in this place.
 E = Time spent auto-exploring this place.
 F = Levels seen in this place.
 G = Mean time per level.
                   A        B        C        D        E       F      G
               +--------+--------+--------+--------+--------+-----+--------+
         Total |  13079 |  12343 |    736 |   2591 |   4948 |  13 | 1006.1 |
       Dungeon |  12908 |  12172 |    736 |   2591 |   4860 |  12 | 1075.7 |
          Lair |    171 |    171 |      0 |      0 |     88 |   1 |  171.0 |
               +--------+--------+--------+--------+--------+-----+--------+

Top non-repeatable levels by time:
    D:10: 1601 daAuts
     D:3: 1588 daAuts
     D:1: 1444 daAuts
     D:8: 1360 daAuts
     D:6: 1156 daAuts
     D:9: 1090 daAuts
     D:2: 1042 daAuts
     D:7: 994 daAuts
    D:12: 683 daAuts
    D:11: 661 daAuts
     D:4: 649 daAuts
     D:5: 634 daAuts
  Lair:1: 171 daAuts
